 Dungeon Sprint DCSS version 0.17.1-1-g73c8601 (webtiles) character file.

98 Arkorax the Fighter (level 4, -5/49 HPs)
             Began as a Minotaur Fighter on Dec 27, 2015.
             Was an Initiate of Dithmenos.
             Slain by a flying skull (9 damage)
             ... in the Dungeon (Sprint VII: "The Pits").
             The game lasted 00:00:59 (501 turns).

Arkorax the Fighter (Minotaur Fighter)               Turns: 501, Time: 00:01:00

Health: -5/49      AC: 13    Str: 22    XL:     4   Next: 44%
Magic:  3/3        EV:  6    Int:  5    God:    Dithmenos [......]
Gold:   0          SH:  0    Dex:  9    Spells: 0 memorised, 3 levels left

rFire  . . .     SeeInvis .     b - +1 hand axe (freeze)
rCold  . . .     Clarity  .     o - +2 plate armour
rNeg   . . .     SustAt   .     (no shield)
rPois  .         Gourm    .     (helmet restricted)
rElec  .         Spirit   .     (no cloak)
rCorr  .         Warding  .     (no gloves)
rMut   .         NoTele   +     (no boots)
MR     .....                    (no amulet)
Stlth  ..........               (no ring)
                                (no ring)

@: not resistant to hostile enchantments, extremely unstealthy
A: retaliatory headbutt, horns 2
a: Renounce Religion


You were in the Dungeon.
You worshipped Dithmenos.
Dithmenos was noncommittal.
You were not hungry.

You visited 1 branch

Inventory:

Hand Weapons
 a - a +0 war axe
 b - a +1 hand axe of freezing (weapon)
Armour
 o - a +2 plate armour (worn)
Scrolls
 c - 3 scrolls of remove curse
 k - a scroll of blinking
 p - 5 scrolls of amnesia
 q - a scroll of summoning
Potions
 d - a potion of might
 f - 6 potions of curing
 g - 4 potions of heal wounds
 h - a potion of haste
 i - 4 potions of magic
 j - 3 potions of berserk rage
 n - 2 potions of invisibility
Comestibles
 e - 8 bread rations
 l - 40 fruits
 m - 7 meat rations


   Skills:
 + Level 8.5 Fighting
 + Level 7.7 Axes
 - Level 3.6 Armour
   Level 3.6 Shields


You had 3 spell levels left.
You didn't know any spells.

Dungeon Overview and Level Annotations

Branches:
Dungeon (1/1)

Altars:
Ashenzari
Cheibriados
Dithmenos
Elyvilon
Fedhas
Gozag
Kikubaaqudgha
Makhleb
Nemelex Xobeh
Okawaru
Qazlal
Ru
Sif Muna
Trog
Vehumet
Xom
Yredelemnul
Zin
The Shining One
Beogh
Jiyva
Lugonu

Annotations:
D Pikel


Innate Abilities, Weirdness & Mutations

You reflexively headbutt those who attack you in melee.
You have a pair of horns on your head.


Message History

You closely miss the flying skull.
The flying skull is heavily damaged.
The flying skull hits you but does no damage.
You hit the flying skull but do no damage.
Your headbutt misses the flying skull.
The flying skull is heavily damaged.
The flying skull hits you but does no damage. x2
You closely miss the flying skull.
The flying skull is heavily damaged.
The flying skull hits you.
* * * LOW HITPOINT WARNING * * *
You closely miss the flying skull.
The flying skull is heavily damaged.
The flying skull hits you but does no damage.
You hit the flying skull.
The flying skull is severely damaged.
The flying skull hits you!
* * * LOW HITPOINT WARNING * * *
The flying skull hits you!
You die...

#_#)))#.#?(##.....
#######'#####.....
#...........'.....
#'#####'#####.....
#.#..#..)'.##.....
#[#..#...#.#####'#
#[#..#####.##.....
#[#.†'...#.##.....
#@#..'...'.##.....
#z#..########...<.
#W#..'[))).##.....
#l#..#[).).##.....
#K###########.....
#.. ###### #...
#...# #..##


You could see Pikel, a hungry ghost, a flying skull and a giant newt.

Vanquished Creatures
  4 slaves (D)
  A hound (D)
  2 worker ants (D)
  A gnoll (D)
  An ufetubus (D)
  An adder zombie (D)
  A giant cockroach (D)
  A ball python (D)
  2 giant newts (D)
14 creatures vanquished.

Notes
Turn   | Place    | Note
--------------------------------------------------------------
     0 | D        | Arkorax the Minotaur Fighter began the quest for the Orb.
     0 | D        | Reached XP level 1. HP: 19/19 MP: 0/0
    21 | D        | Reached skill level 4 in Fighting
    33 | D        | Reached skill level 5 in Fighting
    33 | D        | Reached XP level 2. HP: 22/30 MP: 1/1
    41 | D        | Noticed a worker ant
    47 | D        | Killed a worker ant
    47 | D        | Reached skill level 6 in Fighting
    47 | D        | Reached XP level 3. HP: 8/38 MP: 2/2
   293 | D        | Noticed a hound
   296 | D        | Killed a hound
   296 | D        | Reached skill level 7 in Fighting
   296 | D        | Reached XP level 4. HP: 40/48 MP: 3/3
   298 | D        | Noticed a worker ant
   303 | D        | Killed a worker ant
   303 | D        | Reached skill level 8 in Fighting
   403 | D        | Found a sacrificial altar of Ru.
   403 | D        | Found a shadowy altar of Dithmenos.
   403 | D        | Found a bloodstained altar of Trog.
   403 | D        | Found a deep blue altar of Sif Muna.
   403 | D        | Found a shimmering altar of Xom.
   403 | D        | Found a sparkling altar of Nemelex Xobeh.
   403 | D        | Found a corrupted altar of Lugonu.
   403 | D        | Found a viscous altar of Jiyva.
   404 | D        | Found a basalt altar of Yredelemnul.
   404 | D        | Found a glowing golden altar of the Shining One.
   404 | D        | Found a shattered altar of Ashenzari.
   404 | D        | Found a white marble altar of Elyvilon.
   404 | D        | Found a snail-covered altar of Cheibriados.
   404 | D        | Found a blossoming altar of Fedhas.
   404 | D        | Found a radiant altar of Vehumet.
   404 | D        | Found a burning altar of Makhleb.
   404 | D        | Found an ancient bone altar of Kikubaaqudgha.
   404 | D        | Found a glowing silver altar of Zin.
   404 | D        | Found a roughly hewn altar of Beogh.
   404 | D        | Found an iron altar of Okawaru.
   408 | D        | Became a worshipper of Dithmenos the Shadowed
   415 | D        | Found a stormy altar of Qazlal.
   415 | D        | Found an opulent altar of Gozag.
   439 | D        | Noticed a slave
   439 | D        | Noticed a slave
   440 | D        | Noticed a hungry ghost
   440 | D        | Noticed Pikel
   440 | D        | Noticed a slave
   457 | D        | Killed a slave
   466 | D        | Killed a slave
   469 | D        | Noticed a slave
   471 | D        | Killed a slave
   472 | D        | Noticed a flying skull
   477 | D        | Killed a slave
   487 | D        | HP: 2/49 [flying skull (6)]
   501 | D        | Slain by a flying skull

Action                   |  1- 3 |  4- 6 || total
-------------------------+-------+-------++-------
Melee: War axe           |    17 |     4 ||    21
       Hand axe          |       |    47 ||    47
  Use: Potion            |       |     2 ||     2
